 Dungeon Sprint DCSS version 0.16.2-12-gd0ad4c3 (webtiles) character file.

15856 Ponchio the Eclecticist (level 12, -9/59 HPs)
             Began as a Deep Elf Fire Elementalist on Sept 22, 2015.
             Was the Champion of Vehumet.
             Mangled by an iron golem (25 damage)
             ... in the Dungeon (Sprint V: "Ziggurat Sprint").
             The game lasted 00:41:52 (2003 turns).

Ponchio the Eclecticist (DEFE)                      Turns: 2003, Time: 00:41:54

Health: -9/59      AC:  8    Str:  5    XL:     12   Next: 4%
Magic:  0/45       EV: 30    Int: 44    God:    Vehumet [******]
Gold:   0          SH:  0    Dex: 20    Spells: 3 memorised, 43 levels left

rFire  + . .     SeeInvis .     J - +6 Majin-Bo {vamp, Archmagi MP+6 Int+6}
rCold  . . .     Rnd*Rage +     L - +3 robe of Wypt {-Tele rF+ Dex+5 Stlth+}
rNeg   + . .     SustAb   .     (no shield)
rPois  .         Gourm    .     Y - +2 hat of the Bear Spirit {Spirit, +Rage rN+ MR++}
rElec  +         Spirit   +     P - +0 cloak {+Inv}
rCorr  +         Warding  .     (no gloves)
rMut   .         NoTele   +     (no boots)
MR     +++..                    K - amulet of Psynoosh {rCorr rElec} (curse)
Stlth  +++.......               B - +6 ring of intelligence
                                C - +6 ring of intelligence

@: extremely resistant to hostile enchantments, fairly stealthy
A: berserk 1
a: Renounce Religion, Evoke Berserk Rage, Evoke Invisibility


You were in the Dungeon.
You worshipped Vehumet.
Vehumet was exalted by your worship.
You were not hungry.

You visited 1 branch

Inventory:

Hand weapons
 J - the +6 Majin-Bo (weapon) {vamp, Archmagi MP+6 Int+6}
   (You found it in the Dungeon)

   It inflicts no extra harm, but heals its wielder somewhat when it strikes a
   living foe.
   It affects your intelligence (+6).
   It affects your magic capacity (+6).
Armour
 L - the +3 robe of Wypt (worn) {-Tele rF+ Dex+5 Stlth+}
   (You found it in the Dungeon)

   It affects your dexterity (+5).
   It protects you from fire.
   It prevents most forms of teleportation.
   It makes you more stealthy.
 P - a +0 cloak of invisibility (worn)
 Y - the +2 hat of the Bear Spirit (worn) {Spirit, +Rage rN+ MR++}
   (You found it in the Dungeon)

   It protects you from negative energy.
   It affects your resistance to hostile enchantments.
   It lets you go berserk.
Jewellery
 B - a +6 ring of intelligence (right hand)
 C - a +6 ring of intelligence (left hand)
 K - the cursed amulet of Psynoosh (around neck) {rCorr rElec}
   (You found it in the Dungeon)

   [amulet of resist corrosion]

   It protects you from acid and corrosion.
   It insulates you from electricity.
   It has a curse placed upon it.
 X - the ring "Klozuelu" {rN+ Int+4 SInv}
   (You found it in the Dungeon)

   [ring of positive energy]

   It affects your intelligence (+4).
   It protects you from negative energy.
   It enhances your eyesight.
Magical devices
 H - a wand of cold (2)
Scrolls
 i - 4 scrolls of blinking
 q - 4 scrolls of amnesia
 r - 2 scrolls of recharging
 s - 7 scrolls of fog
 t - 2 scrolls of holy word
 u - 5 scrolls of identify
 v - 5 scrolls of remove curse
 w - 2 scrolls of fear
Potions
 d - 8 potions of curing
 f - 2 potions of haste
 g - 7 potions of magic
 j - 2 potions of brilliance
 l - 2 potions of restore abilities
 m - 4 potions of resistance
 o - 6 potions of agility
 p - 5 potions of might
Books
 a - a book of Hinderance

   Spells                             Type                      Level
   a - Confusing Touch                Hexes                        2
   b - Confuse                        Hexes                        3
   c - Petrify                        Transmutation/Earth          4
   d - Metabolic Englaciation         Hexes/Ice                    5
   e - Gell's Gravitas                Hexes/Translocation          5
   f - Summon Mana Viper              Hexes/Summoning              5
 b - a book of Flames

   Spells                             Type                      Level
   a - Flame Tongue                   Conjuration/Fire             1
   b - Throw Flame                    Conjuration/Fire             2
   c - Conjure Flame                  Conjuration/Fire             3
   d - Inner Flame                    Hexes/Fire                   3
   e - Sticky Flame                   Conjuration/Fire             4
   f - Fireball                       Conjuration/Fire             5
 h - a book of Necromancy

   Spells                             Type                      Level
   a - Pain                           Necromancy                   1
   b - Animate Skeleton               Necromancy                   1
   c - Vampiric Draining              Necromancy                   3
   d - Regeneration                   Charms/Necromancy            3
   e - Animate Dead                   Necromancy                   4
   f - Control Undead                 Necromancy                   4
 A - a book of the Earth

   Spells                             Type                      Level
   a - Leda's Liquefaction            Hexes/Earth                  4
   b - Bolt of Magma                  Conjuration/Fire/Earth       5
   c - Statue Form                    Transmutation/Earth          6
   d - Iron Shot                      Conjuration/Earth            6
   e - Shatter                        Earth                        9
 E - a book of Dreams

   Spells                             Type                      Level
   a - Ensorcelled Hibernation        Hexes/Ice                    2
   b - Flight                         Charms/Air                   3
   c - Phase Shift                    Translocation                5
   d - Shadow Creatures               Summoning                    5
   e - Mass Confusion                 Hexes                        6
   f - Darkness                       Hexes                        7
Miscellaneous
 D - a fan of gales (inert)
 T - a stone of tremors (inert)
 V - a phial of floods
Comestibles
 c - 5 bread rations
 x - 32 fruits
 z - 4 meat rations


   Skills:
 + Level 18.7 Dodging
 - Level 2.4 Stealth
 + Level 20.1 Spellcasting
 + Level 17.2 Conjurations
 - Level 3.2 Fire Magic
 + Level 13.4 Evocations


You had 43 spell levels left.
You knew the following spells:

 Your Spells              Type           Power        Failure   Level  Hunger
a - Flame Tongue          Conj/Fire      #####        0%          1    None
b - Fireball              Conj/Fire      ########..   1%          5    None
c - Repel Missiles        Chrm/Air       ######       1%          2    None


Dungeon Overview and Level Annotations

Branches:
Dungeon (1/1)

Altars:
Ashenzari
Cheibriados
Dithmenos
Elyvilon
Fedhas
Gozag
Kikubaaqudgha
Makhleb
Nemelex Xobeh
Okawaru
Qazlal
Ru
Sif Muna
Trog
Vehumet
Xom
Yredelemnul
Zin
The Shining One
Beogh
Jiyva
Lugonu


Innate Abilities, Weirdness & Mutations

You tend to lose your temper in combat.


Message History

The crystal guardian hits your earth elemental!
Your iron golem hits the crystal guardian.
The quicksilver dragon breathes energy at you.
The bolt of dispelling energy misses you.
Your air elemental forms itself from the air!
Drink which item? (? for menu, Esc to quit)
You feel much better.
Your air elemental hits the crystal guardian but does no damage.
The quicksilver dragon bites you! The quicksilver dragon claws you.
Your air elemental hits the crystal guardian but does no damage.
Your earth elemental barely misses the quicksilver dragon.
The quicksilver dragon completely misses you.
The quicksilver dragon claws you but does no damage.
The crystal guardian hits your earth elemental!
The quicksilver dragon bites you!
* * * LOW HITPOINT WARNING * * *
The quicksilver dragon completely misses you.
Your air elemental hits the crystal guardian but does no damage.
The iron golem hits you!!
You die...

▓▓▓▓▓▓▓ ▓.▓...
▓....8©8 ▓.....
▓..))):=) ▓▓▓▓▓▓
▓...|)"8}. ▓...8©
▓.E........ ▓..|.|
▓D.EE.......▓...)|
▓ED8........▓.....
▓D8DE8......▓.....
▓@D8........▓.....
▓.E.........▓.....
▓...........▓.....
▓...........▓.....
▓▓▓▓▓▓▓▓▓▓▓▓▓▓▓▓▓▓
▓...8©8...▓...8©8.
▓..|.:))[.▓...)[).
▓...[=)}..▓...)))[
▓.........▓....)..


You could see 2 iron golems, 5 quicksilver dragons, 2 crystal guardians, 3 earth
elementals, a friendly iron golem, 2 friendly earth elementals and a friendly
air elemental.

Vanquished Creatures
  A vault warden (D)
  A pale draconian (D)
  2 white draconians (D)
  2 purple draconians (D)
  A fire dragon (D)
  2 orc high priests (D)
  An orc knight (D)
  2 draconians (D)
  A worldbinder (D)
  2 cyclopes (D)
  An ancient zyme (D)
  3 guardian mummies (D)
  A large abomination (D)
  8 merfolk (D)
  An ushabti (D)
  2 shadows (D)
  A tarantella (D)
  A neqoxec (D)
  A vampire mosquito (D)
  5 hippogriffs (D)
  A hell hound (D)
  An orc warrior (D)
  A phantom (D)
  A centaur (D)
  A quasit (D)
  An orc priest (D)
  An orc wizard (D)
  2 sheep (D)
  2 mummies (D)
  3 giant mites (D)
  2 white imps (D)
  A shadow imp (D)
  2 ufetubi (D)
  6 orcs (D)
  A bat zombie (D)
  2 goblins (D)
  3 jackal skeletons (D)
  A jackal zombie (D)
  A quokka simulacrum (D)
72 creatures vanquished.

Vanquished Creatures (collateral kills)
  A cacodemon (D)
  A black draconian (D)
  A draconian (D)
  A crimson imp (D)
  2 iron imps (D)
6 creatures vanquished.

Vanquished Creatures (others)
  2 air elementals (D)
  An earth elemental (D)
3 creatures vanquished.

Grand Total: 81 creatures vanquished

Notes
Turn   | Place    | Note
--------------------------------------------------------------
     0 | D        | Ponchio, the Deep Elf Fire Elementalist, began the quest for the Orb.
     0 | D        | Reached XP level 1. HP: 10/10 MP: 5/5
     0 | D        | Found a viscous altar of Jiyva.
     0 | D        | Found a corrupted altar of Lugonu.
     0 | D        | Found a white marble altar of Elyvilon.
     1 | D        | Found a burning altar of Makhleb.
     1 | D        | Found an iron altar of Okawaru.
     3 | D        | Found a sparkling altar of Nemelex Xobeh.
     3 | D        | Found a basalt altar of Yredelemnul.
     3 | D        | Found a deep blue altar of Sif Muna.
     3 | D        | Found a radiant altar of Vehumet.
     7 | D        | Found a bloodstained altar of Trog.
    24 | D        | Found a shimmering altar of Xom.
    32 | D        | Became a worshipper of Vehumet
    46 | D        | Reached skill level 8 in Evocations
    46 | D        | Reached XP level 2. HP: 15/15 MP: 6/8
   103 | D        | Entered arena 1.
   103 | D        | Noticed a phantom
   109 | D        | Killed a phantom
   109 | D        | Reached skill level 5 in Dodging
   109 | D        | Reached skill level 5 in Spellcasting
   109 | D        | Reached XP level 3. HP: 10/19 MP: 14/14
   109 | D        | Reached XP level 4. HP: 12/24 MP: 17/17
   267 | D        | Entered arena 2.
   267 | D        | Noticed a merfolk
   267 | D        | Noticed a merfolk
   267 | D        | Noticed a merfolk
   271 | D        | Killed a merfolk
   271 | D        | Acquired Vehumet's first power
   271 | D        | Offered knowledge of Sting by Vehumet.
   271 | D        | Reached skill level 9 in Spellcasting
   271 | D        | Reached XP level 5. HP: 28/28 MP: 23/23
   271 | D        | Reached XP level 6. HP: 32/32 MP: 25/25
   278 | D        | Killed a merfolk
   278 | D        | Reached skill level 10 in Spellcasting
   290 | D        | Killed a merfolk
   290 | D        | Reached skill level 10 in Dodging
   290 | D        | Reached skill level 11 in Spellcasting
   290 | D        | Reached XP level 7. HP: 34/36 MP: 29/29
   309 | D        | Learned a level 5 spell: Fireball
   318 | D        | Got the amulet of Psynoosh {rCorr rElec}
   320 | D        | Got the +3 robe of Wypt {-Tele rF+ Dex+5 Stlth+}
   334 | D        | Entered arena 3.
   334 | D        | Noticed a tarantella
   336 | D        | Killed a tarantella
   343 | D        | Identified Magic for Absolute Beginners (You found it in the Dungeon)
   419 | D        | Entered arena 4.
   419 | D        | Noticed an orc priest
   419 | D        | Noticed an orc wizard
   420 | D        | Acquired Vehumet's second power
   420 | D        | Killed an orc wizard
   420 | D        | Reached skill level 12 in Spellcasting
   420 | D        | Killed an orc priest
   420 | D        | Reached skill level 10 in Conjurations
   471 | D        | Entered arena 5.
   471 | D        | Noticed a cyclops
   471 | D        | Noticed a fire dragon
   471 | D        | Noticed a vault warden
   471 | D        | Noticed a vampire mosquito
   471 | D        | Noticed a cyclops
   474 | D        | Killed a cyclops
   474 | D        | Offered knowledge of Sandblast by Vehumet.
   474 | D        | Acquired Vehumet's third power
   474 | D        | Reached XP level 8. HP: 28/41 MP: 29/31
   475 | D        | Killed a cyclops
   475 | D        | Reached skill level 13 in Spellcasting
   477 | D        | Killed a vault warden
   477 | D        | Reached skill level 15 in Spellcasting
   477 | D        | Reached XP level 9. HP: 45/45 MP: 27/34
   479 | D        | Killed a vampire mosquito
   483 | D        | Killed a fire dragon
   595 | D        | Identified the Grimoire of Floating Enhancements (You found it in the Dungeon)
   609 | D        | Learned a level 2 spell: Repel Missiles
   681 | D        | Entered arena 6.
   681 | D        | Noticed a hell hound
   681 | D        | Noticed a quasit
   682 | D        | Offered knowledge of Throw Frost by Vehumet.
   683 | D        | Killed a quasit
   684 | D        | Killed a hell hound
   684 | D        | Reached skill level 16 in Spellcasting
   758 | D        | Entered arena 7.
   758 | D        | Noticed a hippogriff
   758 | D        | Noticed a centaur
   758 | D        | Noticed a hippogriff
   758 | D        | Noticed a hippogriff
   758 | D        | Noticed a merfolk
   758 | D        | Noticed a hippogriff
   760 | D        | Killed a hippogriff
   760 | D        | Reached XP level 10. HP: 44/50 MP: 33/35
   760 | D        | Killed a hippogriff
   760 | D        | Killed a hippogriff
   760 | D        | Reached skill level 15 in Dodging
   760 | D        | Killed a centaur
   760 | D        | Killed a merfolk
   763 | D        | Killed a hippogriff
   902 | D        | Entered arena 8.
   902 | D        | Noticed a merfolk
   902 | D        | Noticed a merfolk
   902 | D        | Noticed a hippogriff
   902 | D        | Noticed a merfolk
   902 | D        | Noticed a merfolk
   903 | D        | Offered knowledge of Dazzling Spray by Vehumet.
   904 | D        | Killed a merfolk
   904 | D        | Killed a merfolk
   904 | D        | Killed a merfolk
   904 | D        | Reached skill level 17 in Spellcasting
   904 | D        | Killed a hippogriff
   905 | D        | Killed a merfolk
   915 | D        | Got the ring "Klozuelu" {rN+ Int+4 SInv}
  1008 | D        | Entered arena 9.
  1008 | D        | Noticed a guardian mummy
  1008 | D        | Noticed a guardian mummy
  1008 | D        | Noticed a guardian mummy
  1008 | D        | Noticed an ushabti
  1012 | D        | Killed a guardian mummy
  1012 | D        | Killed a guardian mummy
  1016 | D        | Killed an ushabti
  1018 | D        | Killed a guardian mummy
  1018 | D        | Reached skill level 15 in Conjurations
  1467 | D        | Entered arena 10.
  1467 | D        | Noticed a black draconian
  1467 | D        | Noticed a white draconian
  1467 | D        | Noticed a purple draconian
  1467 | D        | Noticed a draconian
  1467 | D        | Noticed a purple draconian
  1467 | D        | Noticed a pale draconian
  1467 | D        | Noticed a draconian
  1467 | D        | Noticed a draconian
  1467 | D        | Noticed a white draconian
  1469 | D        | Killed a draconian
  1469 | D        | Offered knowledge of Bolt of Magma by Vehumet.
  1470 | D        | Killed a purple draconian
  1470 | D        | Reached skill level 18 in Spellcasting
  1470 | D        | Killed a purple draconian
  1470 | D        | Reached skill level 10 in Evocations
  1470 | D        | Reached XP level 11. HP: 47/54 MP: 28/37
  1470 | D        | Killed a white draconian
  1471 | D        | Killed a pale draconian
  1471 | D        | Killed a draconian
  1471 | D        | Reached skill level 19 in Spellcasting
  1475 | D        | Killed a white draconian
  1475 | D        | Killed a draconian
  1477 | D        | Killed a black draconian
  1687 | D        | Identified the Catalogue of Unholy Magic and Contamination (You found it in the Dungeon)
  1700 | D        | Entered arena 11.
  1700 | D        | Noticed an orc knight
  1700 | D        | Noticed an orc high priest
  1701 | D        | Offered knowledge of Irradiate by Vehumet.
  1702 | D        | Noticed an orc warrior
  1702 | D        | Killed an orc high priest
  1703 | D        | Noticed an orc high priest
  1703 | D        | Killed an orc knight
  1703 | D        | Killed an orc warrior
  1706 | D        | Killed an orc high priest
  1832 | D        | Entered arena 12.
  1832 | D        | Noticed an iron imp
  1832 | D        | Noticed a crimson imp
  1832 | D        | Noticed a neqoxec
  1832 | D        | Noticed an iron imp
  1832 | D        | Noticed an ancient zyme
  1832 | D        | Noticed a cacodemon
  1832 | D        | Noticed a worldbinder
  1834 | D        | Noticed a large abomination
  1834 | D        | Gained mutation: You tend to lose your temper in combat. [a neqoxec]
  1835 | D        | Killed an ancient zyme
  1836 | D        | Killed a large abomination
  1836 | D        | Offered knowledge of Ozocubu's Refrigeration by Vehumet.
  1839 | D        | Killed a neqoxec
  1842 | D        | Killed a worldbinder
  1842 | D        | Reached skill level 20 in Spellcasting
  1848 | D        | Killed a crimson imp
  1852 | D        | Killed a cacodemon
  1852 | D        | Reached XP level 12. HP: 38/59 MP: 15/39
  1853 | D        | Killed an iron imp
  1862 | D        | Killed an iron imp
  1986 | D        | Identified the Disquisition on Doomed Beguiling (You found it in the Dungeon)
  1993 | D        | Entered arena 13.
  1993 | D        | Noticed an earth elemental
  1993 | D        | Noticed an iron golem
  1993 | D        | Noticed an earth elemental
  1994 | D        | Noticed a quicksilver dragon
  1994 | D        | Noticed an earth elemental
  1994 | D        | Noticed a quicksilver dragon
  1994 | D        | Noticed a quicksilver dragon
  1994 | D        | Noticed a crystal guardian
  1995 | D        | Noticed a quicksilver dragon
  1995 | D        | Noticed a quicksilver dragon
  1995 | D        | Noticed an iron golem
  1997 | D        | Noticed a crystal guardian
  2003 | D        | Mangled by an iron golem

Action                   |  1- 3 |  4- 6 |  7- 9 | 10-12 || total
-------------------------+-------+-------+-------+-------++-------
Melee: Quarterstaff      |       |     2 |       |       ||     2
 Cast: Fireball          |       |       |    12 |    31 ||    43
       Repel Missiles    |       |       |     1 |       ||     1
       Flame Tongue      |       |       |       |     1 ||     1
 Abil: Evoke Invisibilit |       |       |     3 |     2 ||     5
Evoke: Wand              |     5 |    13 |     5 |     1 ||    24
       Phial of floods   |       |       |       |     2 ||     2
       Fan of gales      |       |       |       |     2 ||     2
       Stone of tremors  |       |       |       |     1 ||     1
       Phantom mirror    |       |       |       |     1 ||     1
  Use: Potion            |     1 |     8 |     2 |     8 ||    19
       Scroll            |       |       |     1 |       ||     1
  Eat: Fruit             |     2 |     1 |     3 |     4 ||    10
       Chunk             |       |       |       |     3 ||     3
